NCAA
MINNESOTA GOLDEN GOPHERS @ GEORGIA BULLDOGS
05/21/2028
 
TOP OF THE 1ST
Minnesota Golden Gophers batting - Pitching for Georgia Bulldogs : RHP Marcus Frank
Pitching: RHP Marcus Frank
Batting: LHB Arturo Nieves 0-0: Called Strike
0-1: Ball
1-1: Foul Ball, location: 2F
1-2: Foul Ball, location: 2F
1-2: Strikes out looking
Batting: LHB Will Rhodes 0-0: Foul Ball, location: 2F
0-1: Ball
1-1: Ball
2-1: Ball
3-1: SINGLE (Groundball, 34D)
Batting: RHB Christian Nash 0-0: Called Strike
0-1: Swinging Strike
0-2: Foul Ball, location: 2F
0-2: Ball
1-2: Strikes out swinging
Batting: RHB James Morris 0-0: Called Strike
0-1: Ball
1-1: SINGLE (Line Drive, 78M)
Will Rhodes to second
Batting: RHB Mike Martínez 0-0: Ball
1-0: Called Strike
1-1: Swinging Strike
1-2: Strikes out swinging
Top of the 1st over - 0 run(s), 2 hit(s), 0 error(s), 2 left on base; Minnesota 0 - Georgia 0
BOTTOM OF THE 1ST
Georgia Bulldogs batting - Pitching for Minnesota Golden Gophers : RHP Michael Hutchins
Pitching: RHP Michael Hutchins
Batting: RHB Wes Durán 0-0: Swinging Strike
0-1: Ball
1-1: Ball
2-1: Foul Ball, location: 2F
2-2: Foul Ball, location: 2F
2-2: Ball
3-2: Foul Ball, location: 2F
3-2: Base on Balls
Batting: RHB Ángel Torres 0-0: Called Strike
0-1: Swinging Strike
0-2: Strikes out swinging
Batting: RHB Tom Stoltz 0-0: Ball
1-0: Hit by Pitch
Wes Durán to second
Batting: RHB Gerald Miller 0-0: Foul Ball, location: 2F
0-1: Ball
1-1: SINGLE (Groundball, 34D)
Wes Durán to third
Tom Stoltz to second
Batting: SHB Jean-François St-Amant 0-0: Swinging Strike
0-1: Called Strike
0-2: Foul Ball, location: 2F
0-2: Ball
1-2: Foul Ball, location: 2F
1-2: Foul Ball, location: 2F
1-2: Strikes out swinging
Batting: RHB Russell Maldonado 0-0: Called Strike
0-1: Called Strike
0-2: Foul Ball, location: 2F
0-2: Strikes out swinging
Bottom of the 1st over - 0 run(s), 1 hit(s), 0 error(s), 3 left on base; Minnesota 0 - Georgia 0
TOP OF THE 2ND
Minnesota Golden Gophers batting - Pitching for Georgia Bulldogs : RHP Marcus Frank
Batting: LHB Scott Rivera 0-0: Fly out, F4 (Popup, 34)
Batting: RHB Travis Alexander 0-0: Ball
1-0: Ball
2-0: Ball
3-0: Called Strike
3-1: Called Strike
3-2: Strikes out swinging
Batting: LHB Emory Lawson 0-0: Ball
1-0: Ball
2-0: Ball
3-0: Called Strike
3-1: Foul Ball, location: 2F
3-2: Strikes out swinging
Top of the 2nd over - 0 run(s), 0 hit(s), 0 error(s), 0 left on base; Minnesota 0 - Georgia 0
BOTTOM OF THE 2ND
Georgia Bulldogs batting - Pitching for Minnesota Golden Gophers : RHP Michael Hutchins
Batting: RHB Ernie Ross 0-0: Ground out 3-1 (Groundball, 34S)
Batting: RHB Jeff Allen 0-0: Foul Ball, location: 2F
0-1: Ball
1-1: Foul Ball, location: 2F
1-2: Foul Ball, location: 2F
1-2: Fly out, F5 (Line Drive, 56)
Batting: LHB Bill Williams 0-0: Called Strike
0-1: Ball
1-1: Swinging Strike
1-2: Strikes out swinging
Bottom of the 2nd over - 0 run(s), 0 hit(s), 0 error(s), 0 left on base; Minnesota 0 - Georgia 0
TOP OF THE 3RD
Minnesota Golden Gophers batting - Pitching for Georgia Bulldogs : RHP Marcus Frank
Batting: RHB Jorge Morán 0-0: Bunt for hit - play at first, batter OUT! 1-3
Batting: LHB Arturo Nieves 0-0: Foul Ball, location: 2F
0-1: Ball
1-1: Swinging Strike
1-2: Ball
2-2: Ball
3-2: Strikes out swinging
Batting: LHB Will Rhodes 0-0: Hit by Pitch
Batting: RHB Christian Nash 0-0: Fielders Choice at 2nd, 6-4 (Groundball, 6)
Top of the 3rd over - 0 run(s), 0 hit(s), 0 error(s), 0 left on base; Minnesota 0 - Georgia 0
BOTTOM OF THE 3RD
Georgia Bulldogs batting - Pitching for Minnesota Golden Gophers : RHP Michael Hutchins
Batting: RHB Wes Durán 0-0: Called Strike
0-1: Called Strike
0-2: Strikes out swinging
Batting: RHB Ángel Torres 0-0: SINGLE (Line Drive, 8LS)
Batting: RHB Tom Stoltz 0-0: Ball
Throwing error on steal attempt, E2
Ángel Torres to third
1-0: Ball
2-0: Called Strike
2-1: Foul Ball, location: 2F
2-2: Ball
3-2: SINGLE (Groundball, 56D)
Ángel Torres scores
Batting: RHB Gerald Miller 0-0: Swinging Strike
0-1: Grounds into double play, 6-4-3 (Groundball, 6)
Bottom of the 3rd over - 1 run(s), 2 hit(s), 1 error(s), 0 left on base; Minnesota 0 - Georgia 1
TOP OF THE 4TH
Minnesota Golden Gophers batting - Pitching for Georgia Bulldogs : RHP Marcus Frank
Batting: RHB James Morris 0-0: Ground out 5-3 (Groundball, 5S)
Batting: RHB Mike Martínez 0-0: Fly out, F7 (Line Drive, 7)
Batting: LHB Scott Rivera 0-0: Ball
1-0: Foul Ball, location: 2F
1-1: Ball
2-1: Ball
3-1: Base on Balls
Batting: RHB Travis Alexander 0-0: Swinging Strike
0-1: Ball
1-1: Ball
2-1: Called Strike
2-2: Ball
3-2: Foul Ball, location: 2F
3-2: DOUBLE (Groundball, 5L)
Scott Rivera to third
Scott Rivera scores
Batting: LHB Emory Lawson 0-0: Ground out 4-3 (Groundball, 4)
Top of the 4th over - 1 run(s), 1 hit(s), 0 error(s), 1 left on base; Minnesota 1 - Georgia 1
BOTTOM OF THE 4TH
Georgia Bulldogs batting - Pitching for Minnesota Golden Gophers : RHP Michael Hutchins
Batting: SHB Jean-François St-Amant 0-0: Ball
1-0: Called Strike
1-1: Ball
2-1: Ball
3-1: Base on Balls
Batting: RHB Russell Maldonado 0-0: Called Strike
0-1: Swinging Strike
0-2: Strikes out looking
Batting: RHB Ernie Ross 0-0: Fielders Choice at 2nd, 5-4 (Groundball, 56)
Batting: RHB Jeff Allen 0-0: Called Strike
0-1: Called Strike
0-2: Foul Ball, location: 2F
0-2: Ball
1-2: Ball
2-2: Foul Ball, location: 2F
2-2: Strikes out swinging
Bottom of the 4th over - 0 run(s), 0 hit(s), 0 error(s), 1 left on base; Minnesota 1 - Georgia 1
TOP OF THE 5TH
Minnesota Golden Gophers batting - Pitching for Georgia Bulldogs : RHP Marcus Frank
Batting: RHB Jorge Morán 0-0: Called Strike
0-1: Ground out 5-3 (Groundball, 56)
Batting: LHB Arturo Nieves 0-0: Ball
1-0: Ball
2-0: Foul Ball, location: 2F
2-1: Swinging Strike
2-2: Foul Ball, location: 2F
2-2: Foul Ball, location: 2F
2-2: Strikes out looking
Batting: LHB Will Rhodes 0-0: Foul Ball, location: 2F
0-1: Ball
1-1: Called Strike
1-2: Ball
2-2: Foul Ball, location: 2F
2-2: Ball
3-2: Foul Ball, location: 2F
3-2: Foul Ball, location: 2F
3-2: SINGLE (Groundball, 5D)
Pitching: LHP Monty Bint
Batting: RHB Christian Nash 0-0: Called Strike
0-1: Ball
1-1: Ball
2-1: Foul Ball, location: 2F
2-2: Fielders Choice at 2nd, 5-4 (Groundball, 56)
Top of the 5th over - 0 run(s), 1 hit(s), 0 error(s), 0 left on base; Minnesota 1 - Georgia 1
BOTTOM OF THE 5TH
Georgia Bulldogs batting - Pitching for Minnesota Golden Gophers : RHP Michael Hutchins
Batting: LHB Bill Williams 0-0: Called Strike
0-1: Swinging Strike
0-2: Foul Ball, location: 2F
0-2: Strikes out swinging
Batting: RHB Wes Durán 0-0: Called Strike
0-1: Ball
1-1: Ball
2-1: Ball
3-1: Base on Balls
Batting: RHB Ángel Torres 0-0: Ball
1-0: Called Strike
1-1: Fly out, F4 (Line Drive, 4M)
Batting: RHB Tom Stoltz 0-0: Called Strike
0-1: Ball
1-1: Ball
2-1: Ball
3-1: Base on Balls
Wes Durán to second
Pitching: RHP Dane Vaughan
Batting: RHB Gerald Miller 0-0: Called Strike
0-1: Fielders Choice at 2nd, 4-6 (Groundball, 34)
Bottom of the 5th over - 0 run(s), 0 hit(s), 0 error(s), 1 left on base; Minnesota 1 - Georgia 1
TOP OF THE 6TH
Minnesota Golden Gophers batting - Pitching for Georgia Bulldogs : LHP Monty Bint
Batting: RHB James Morris 0-0: Ball
1-0: Called Strike
1-1: Ball
2-1: Ball
3-1: Base on Balls
Batting: RHB Mike Martínez 0-0: Ball
1-0: Ball
2-0: Ball
3-0: Base on Balls
James Morris to second
Batting: LHB Scott Rivera 0-0: Called Strike
0-1: SINGLE (Flyball, 8LS)
James Morris to third
Mike Martínez to second
Batting: RHB Travis Alexander 0-0: GRAND SLAM HOME RUN (Line Drive, 7D), Distance : 351 ft
Pitching: RHP Artie Watson
Batting: LHB Emory Lawson 0-0: Called Strike
0-1: Foul Ball, location: 2F
0-2: Foul Ball, location: 2F
0-2: Strikes out looking
Batting: RHB Jorge Morán 0-0: Called Strike
0-1: Ball
1-1: Ball
2-1: Foul Ball, location: 2F
2-2: Foul Ball, location: 2F
2-2: Foul Ball, location: 2F
2-2: SOLO HOME RUN (Flyball, 78XD), Distance : 366 ft
Batting: LHB Arturo Nieves 0-0: Ball
1-0: Called Strike
1-1: Fly out, F7 (Line Drive, 7)
Batting: LHB Will Rhodes 0-0: Called Strike
0-1: Ball
1-1: Ground out 6-3 (Groundball, 6)
Top of the 6th over - 5 run(s), 3 hit(s), 0 error(s), 0 left on base; Minnesota 6 - Georgia 1
BOTTOM OF THE 6TH
Georgia Bulldogs batting - Pitching for Minnesota Golden Gophers : RHP Dane Vaughan
Batting: SHB Jean-François St-Amant 0-0: Foul Ball, location: 2F
0-1: Foul Ball, location: 2F
0-2: Ball
1-2: Ball
2-2: Ball
3-2: Strikes out swinging
Batting: RHB Russell Maldonado 0-0: Ball
1-0: Called Strike
1-1: Ball
2-1: Ground out 5-3 (Groundball, 56)
Batting: RHB Ernie Ross 0-0: Fly out, F9 (Flyball, 89M)
Bottom of the 6th over - 0 run(s), 0 hit(s), 0 error(s), 0 left on base; Minnesota 6 - Georgia 1
TOP OF THE 7TH
Minnesota Golden Gophers batting - Pitching for Georgia Bulldogs : RHP Artie Watson
Batting: RHB Christian Nash 0-0: Foul Ball, location: 2F
0-1: SINGLE (Line Drive, 89S)
Batting: RHB James Morris Pickoff Throw to First - Out!
0-0: Ball
1-0: Ball
2-0: Foul Ball, location: 2F
2-1: Fly out, F8 (Flyball, 8RM)
Batting: RHB Mike Martínez 0-0: SINGLE (Line Drive, 8RS)
Batting: LHB Scott Rivera 0-0: SINGLE (Line Drive, 89S)
Mike Martínez to second
Runner from 2nd tries for 3rd, SAFE, throw made to third
Batting: RHB Travis Alexander 0-0: Ball
1-0: Ball
2-0: Called Strike
2-1: Ball
3-1: Base on Balls
Scott Rivera to second
Batting: LHB Emory Lawson 0-0: Called Strike
0-1: Called Strike
0-2: Strikes out looking
Top of the 7th over - 0 run(s), 3 hit(s), 0 error(s), 3 left on base; Minnesota 6 - Georgia 1
BOTTOM OF THE 7TH
Georgia Bulldogs batting - Pitching for Minnesota Golden Gophers : RHP Dane Vaughan
Batting: RHB Jeff Allen 0-0: DOUBLE (Line Drive, 78D)
Batting: LHB Bill Williams 0-0: Fly out, F7 (Flyball, 7S)
Batting: RHB Wes Durán 0-0: Foul Ball, location: 2F
0-1: Ball
1-1: Swinging Strike
1-2: Ball
2-2: Strikes out looking
Batting: RHB Ángel Torres 0-0: Fly out, F8 (Flyball, 8RM)
Bottom of the 7th over - 0 run(s), 1 hit(s), 0 error(s), 1 left on base; Minnesota 6 - Georgia 1
TOP OF THE 8TH
Minnesota Golden Gophers batting - Pitching for Georgia Bulldogs : RHP Artie Watson
Batting: RHB Jorge Morán 0-0: Ball
1-0: Foul Ball, location: 2F
1-1: Called Strike
1-2: Foul Ball, location: 2F
1-2: Foul Ball, location: 2F
1-2: SINGLE (Groundball, 34D)
Batting: LHB Arturo Nieves 0-0: Hit by Pitch
Jorge Morán to second
Pinch Runner at 1st Enrique Stevenson:
Batting: LHB Will Rhodes 0-0: Ball
1-0: Ball
2-0: Foul Ball, location: 2F
2-1: Foul Ball, location: 2F
2-2: Fly out, F8 (Flyball, 8RM)
Batting: RHB Christian Nash 0-0: Ball
1-0: Called Strike
1-1: Fly out, F4 (Popup, 34D)
Batting: RHB James Morris 0-0: Called Strike
0-1: Foul Ball, location: 2F
0-2: Strikes out looking
Top of the 8th over - 0 run(s), 1 hit(s), 0 error(s), 2 left on base; Minnesota 6 - Georgia 1
BOTTOM OF THE 8TH
Georgia Bulldogs batting - Pitching for Minnesota Golden Gophers : RHP Dane Vaughan
Now at C: Pedro García
Now at SS: Enrique Stevenson
Batting: RHB Tom Stoltz 0-0: Swinging Strike
0-1: Swinging Strike
0-2: Ball
1-2: Ball
2-2: Ball
3-2: Ground out U3 (Groundball, 3L)
Batting: RHB Gerald Miller 0-0: Ground out 5-3 (Groundball, 56)
Batting: SHB Jean-François St-Amant 0-0: SINGLE (Flyball, 8LS)
Batting: RHB Russell Maldonado 0-0: Ball
1-0: Foul Ball, location: 2F
1-1: Ball
2-1: Ball
3-1: Base on Balls
Jean-François St-Amant to second
Batting: RHB Ernie Ross 0-0: Swinging Strike
0-1: Ball
1-1: Foul Ball, location: 2F
1-2: Ball
2-2: Foul Ball, location: 2F
2-2: Foul Ball, location: 2F
2-2: Ball
3-2: Base on Balls
Jean-François St-Amant to third
Russell Maldonado to second
Batting: RHB Jeff Allen 0-0: Called Strike
0-1: Called Strike
0-2: Strikes out swinging
Bottom of the 8th over - 0 run(s), 1 hit(s), 0 error(s), 3 left on base; Minnesota 6 - Georgia 1
TOP OF THE 9TH
Minnesota Golden Gophers batting - Pitching for Georgia Bulldogs : RHP Artie Watson
Pitching: RHP Norberto Pérez
Batting: RHB Mike Martínez 0-0: Ball
1-0: Ball
2-0: Swinging Strike
2-1: Ground out 3-1 (Groundball, 34S)
Batting: LHB Scott Rivera 0-0: Ball
1-0: Ball
2-0: Ball
3-0: Called Strike
3-1: Base on Balls
Batting: RHB Travis Alexander 0-0: Ball
1-0: Ball
2-0: Called Strike
2-1: Called Strike
2-2: Grounds into double play, 6-4-3 (Groundball, 6)
Top of the 9th over - 0 run(s), 0 hit(s), 0 error(s), 0 left on base; Minnesota 6 - Georgia 1
BOTTOM OF THE 9TH
Georgia Bulldogs batting - Pitching for Minnesota Golden Gophers : RHP Dane Vaughan
Pitching: RHP Sancho Martínez
Batting: LHB Bill Williams 0-0: Ground out U3 (Groundball, 34)
Batting: RHB Wes Durán 0-0: Ball
1-0: Called Strike
1-1: Called Strike
1-2: Ball
2-2: Ball
3-2: Base on Balls
Batting: RHB Ángel Torres 0-0: Called Strike
0-1: Called Strike
0-2: Ball
1-2: Strikes out looking
Batting: RHB Tom Stoltz 0-0: Ball
1-0: Ball
2-0: Ball
3-0: Base on Balls
Wes Durán to second
Batting: RHB Gerald Miller 0-0: Ball
1-0: Ball
2-0: Swinging Strike
2-1: SINGLE (Line Drive, 8LS)
Wes Durán to third
Tom Stoltz to second
Batting: SHB Jean-François St-Amant 0-0: Called Strike
0-1: Called Strike
0-2: Strikes out swinging
Bottom of the 9th over - 0 run(s), 1 hit(s), 0 error(s), 3 left on base; Minnesota 6 - Georgia 1
Tuesday, August 8th, 2017 - OOTP Baseball 17.12 Build 75